Match 43036706
Unlisted

Match 43036706
End
Royal Engineer Section
Construct Section Command Post
Infantry Section
Dingo Light Scout Car
Selects Australian Defense Battlegroup
Selects Australian Light Infantry Section
Australian Light Infantry Section
Australian Light Infantry Section
Selects 2-pounder Anti-tank Gun Team
2-pounder Anti-tank Gun Team
SneaKerz
aurri
0
0

Comments sign in to comment!

No comments posted yet!